 Dungeon Crawl Stone Soup version 0.29.1-15-g9cfb28693d (webtiles) character file.

Game seed: 14634532016019527218

186 dudediamond6 the Chopper (level 5, -6/46 HPs)
             Began as a Hill Orc Fighter on Feb 28, 2023.
             Mangled by a gnoll
             ... wielding a +0 flail
              (9 damage)
             ... on level 3 of the Dungeon.
             The game lasted 00:01:40 (2286 turns).

dudediamond6 the Chopper (Hill Orc Fighter)         Turns: 2286, Time: 00:01:41

Health: -6/46      AC:  7    Str: 27    XL:     5   Next: 65%
Magic:  5/5        EV:  9    Int:  8    God:
Gold:   76         SH:  4    Dex: 10    Spells: 4/4 levels left

rFire   . . .      SeeInvis .   a - +0 war axe
rCold   . . .      Faith    .   c - +0 buckler
rNeg    . . .      Spirit   .   b - +0 scale mail
rPois   .          Reflect  .   (no helmet)
rElec   .          Harm     .   (no cloak)
rCorr   .          Rampage  .   (no gloves)
Will    .....                   (no boots)
Stlth   ..........              (no amulet)
HPRegen 0.15/turn               j - +6 ring of strength
MPRegen 0.09/turn               (no ring)

@: mighty
A: no striking features
a: no special abilities


You were on level 3 of the Dungeon.
You visited 1 branch of the dungeon, and saw 3 of its levels.

You collected 76 gold pieces.

Inventory:

Hand Weapons
 a - a +0 war axe (weapon)
Armour
 b - a +0 scale mail (worn)
 c - a +0 buckler (worn)
Jewellery
 j - a +6 ring of strength (left hand)
 l - an amulet of guardian spirit
Scrolls
 f - a scroll of enchant armour {unknown}
 g - a scroll of identify {unknown}
 h - a scroll of amnesia {unknown}
 i - 2 scrolls of teleportation {unknown}
 m - a scroll of brand weapon {unknown}
 q - a scroll of immolation {unknown}
Potions
 d - a potion of might
 e - 2 potions of curing {unknown}
 k - a potion of flight {unknown}
 n - a potion of heal wounds {unknown}
 o - a potion of magic {unknown}
 p - a potion of brilliance {unknown}


   Skills:
 + Level 4.1 Fighting
 * Level 5.8 Axes
 + Level 4.3 Armour
 + Level 0.2 Dodging
 + Level 0.2 Stealth
 + Level 3.6 Shields


You had 4 spell levels left.
You didn't know any spells.
Your spell library was empty.

Dungeon Overview and Level Annotations

Branches:
Dungeon (3/15)

Altars:


Message History

The gnoll hits you but does no damage. You block the gnoll's attack.
You slash the gnoll!
You kill the gnoll!
You closely miss the gnoll. The gnoll hits you with a +3 spear.
You slash the gnoll!
The gnoll is heavily wounded.
You hit the orc. The orc hits you but does no damage.
The gnoll hits you but does no damage.
You barely miss the gnoll.
The gnoll is heavily wounded.
You hit the orc.
You kill the orc!
The gnoll hits you with a +3 spear.
Unknown command.
You hit the gnoll.
The gnoll is severely wounded.
You closely miss the gnoll. The gnoll hits you but does no damage.
The gnoll hits you with a +0 flail.
A gnoll comes into view. It is wielding a +0 spear.
The gnoll hits you with a +3 spear. The gnoll barely misses you.
You are too injured to fight recklessly!
Unknown command.
You are too injured to fight recklessly!
You are too injured to fight recklessly!
You feel very mighty all of a sudden. You block the gnoll's attack.
The gnoll hits you with a +0 flail.
You are too injured to fight recklessly!
You are too injured to fight recklessly!
You hit the gnoll.
The gnoll is almost dead.
You closely miss the gnoll. The gnoll hits you with a +3 spear.
The gnoll hits you with a +0 flail.
* * * LOW HITPOINT WARNING * * *
You barely miss the gnoll.
The gnoll is almost dead.
You slash the gnoll!
The gnoll hits you from afar with a +0 spear.
* * * LOW HITPOINT WARNING * * *
You block the gnoll's attack. The gnoll hits you with a +0 flail!
You die...

############
#...........
####.#<#######.
########.##.#.#
#.............# #
#.######.#..### .#
#.# #.#..#####..#
#)#
#.#.....g...###
#.#
#......@g......
#.#
#...##.#####g..###
#.# #....... ..#
#.# .. 8#.## ...
###.# ... #. ###
....# . .. #####
8.. ###


You could see 3 gnolls.

Vanquished Creatures
  An ogre (D:3)
  A scorpion (D:3)
  A gnoll (D:3)
  An adder (D:2)
  A dart slug (D:1)
  An orc (D:3)
  6 endoplasms
  2 goblins (D:1)
  2 hobgoblins
  2 jackals (D:1)
  5 kobolds
  3 ball pythons
  A frilled lizard (D:1)
  2 rats
29 creatures vanquished.

Notes
Turn   | Place    | Note
-------+----------+-------------------------------------------
     0 | D:1      | dudediamond6 the Hill Orc Fighter began the quest for the
                  | Orb.
     0 | D:1      | Reached XP level 1. HP: 19/19 MP: 1/1
   411 | D:1      | Reached XP level 2. HP: 27/27 MP: 2/2
   424 | D:1      | Reached skill level 3 in Axes
  1247 | D:2      | Reached XP level 3. HP: 27/33 MP: 3/3
  1611 | D:2      | Found a faded altar of an unknown god.
  1916 | D:3      | Noticed a scorpion
  1923 | D:3      | Killed a scorpion
  1924 | D:3      | Reached skill level 4 in Axes
  1924 | D:3      | Reached XP level 4. HP: 34/40 MP: 4/4
  2111 | D:3      | Noticed an ogre
  2119 | D:3      | Killed an ogre
  2120 | D:3      | Reached skill level 5 in Axes
  2120 | D:3      | Reached XP level 5. HP: 26/46 MP: 5/5
  2286 | D:3      | Mangled by a gnoll

Illustrated notes

Levels and vault maps discovered:
D:1:      lightli_arrival_quake, layout_loops_ring, st_stairs_9
D:2:      layout_basic, basic_ecumenical_altar
D:3:      layout_loops_ring, old_standard_altar, minitemple, serial_undead,
          serial_undead_b, serial_undead_c, serial_undead_c, serial_undead_f,
          uniq_ijyb, uniq_grinder

Skill      XL: |  1  2  3  4 |
---------------+-------------+-----
Axes           | 3 4 5 |  5.8
Fighting       | 4 |  4.1
Armour         | 4 |  4.3
Dodging        | |  0.2
Stealth        | |  0.2
Shields        | |  3.6

Action                   |  1- 3 |  4- 6 || total
-------------------------+-------+-------++-------
Melee: War axe           |    77 |    18 ||    95
  Use: Potion            |       |     1 ||     1
Armor: Scale mail        |    32 |     8 ||    40
Dodge: Dodged            |    34 |     7 ||    41
Block: Buckler           |    14 |     5 ||    19
